[Event "Chinese Championship-B Women 2024"]
[Site "Liaocheng"]
[Date "2024.04.24"]
[Round "8.13"]
[White "Zhou, Lanqier"]
[Black "Mu, Wangxueyao"]
[Result "1-0"]
[WhiteElo "1654"]
[BlackElo "1738"]
[PlyCount "70"]
[EventDate "2024.04.24"]
[EventType "swiss"]
[EventCountry "CHN"]
[TimeControl "5400+30"]

1. d4 d5 2. c4 e6 3. Nf3 c5 4. cxd5 exd5 5. Nc3 Nc6 6. e3 Nf6 7. Be2 c4 8. O-O Bb4 9. Qc2 O-O 10. Nd2 g6 11. Nf3 Bf5 12. Qd1 Bxc3 13. bxc3 Ne4 14. Bb2 b5 15. Nd2 Nxc3 16. Bxc3 b4 17. Bb2 c3 18. Bc1 cxd2 19. Bxd2 a5 20. Qa4 Bd7 21. Bb5 Nb8 22. a3 bxa3 23. Rxa3 Bf5 24. Bxa5 Qg5 25. Rc1 Be4 26. Bf1 h5 27. Qd1 Nd7 28. Bb4 Rxa3 29. Bxa3 Ra8 30. Bd6 Qf6 31. Bc7 Ra2 32. f3 Bf5 33. Qb3 Qe6 34. Bf4 Ra8 35. Qb5 f6 1-0

[Event "Chinese Championship-B Women 2024"]
[Site "Liaocheng"]
[Date "2024.04.24"]
[Round "8.14"]
[White "Guo, Weibao"]
[Black "Tong, Yiyi"]
[Result "1-0"]
[WhiteElo "1954"]
[BlackElo "1591"]
[PlyCount "51"]
[EventDate "2024.04.24"]
[EventType "swiss"]
[EventCountry "CHN"]
[TimeControl "5400+30"]

1. d4 Nf6 2. Nf3 d5 3. g3 e6 4. Bg2 c5 5. O-O Nc6 6. b3 Bd6 7. Bb2 O-O 8. e3 Qe7 9. c4 cxd4 10. exd4 b6 11. Nc3 Ba6 12. Re1 Qc7 13. Ne5 Rad8 14. cxd5 exd5 15. Rc1 Bb7 16. Nb5 Qc8 17. Nxc6 Bxc6 18. Nxa7 Qb7 19. Nxc6 Ra8 20. a4 b5 21. axb5 Qxb5 22. Bf1 Qb7 23. b4 Rfe8 24. Rxe8+ Rxe8 25. b5 Bc7 26. Qa4 1-0

[Event "Chinese Championship-B Women 2024"]
[Site "Liaocheng"]
[Date "2024.04.24"]
[Round "8.15"]
[White "Meng, Wuyang"]
[Black "Zhao, Chenyu"]
[Result "0-1"]
[WhiteElo "1652"]
[BlackElo "1909"]
[PlyCount "136"]
[EventDate "2024.04.24"]
[EventType "swiss"]
[EventCountry "CHN"]
[TimeControl "5400+30"]

1. e4 c5 2. Nf3 d6 3. d4 cxd4 4. Nxd4 Nf6 5. Nc3 Nc6 6. Bc4 e6 7. Be3 Be7 8. O-O a6 9. a4 Qc7 10. Bd3 O-O 11. Qe2 Nd7 12. f4 Bf6 13. Qf2 Nb4 14. Rfe1 Nxd3 15. cxd3 Nc5 16. Red1 Bd7 17. Qc2 Rac8 18. a5 b5 19. Rdc1 b4 20. Nce2 Qb7 21. Qd1 e5 22. fxe5 Bxe5 23. Bf4 Bg4 24. Bxe5 dxe5 25. Nf3 Qa7 26. Kh1 Bxf3 27. gxf3 Ne6 28. Qg1 Qd7 29. Qe3 h6 30. b3 Rxc1+ 31. Rxc1 Rd8 32. Rd1 Qc7 33. Rg1 Kh8 34. Ng3 Qc5 35. Qxc5 Nxc5 36. Nf5 Ne6 37. Rd1 Rd7 38. Ne3 Nf4 39. d4 Rxd4 40. Rxd4 exd4 41. Nc4 Kg8 42. Kg1 Ne2+ 43. Kf2 Nc1 44. Nd2 Kf8 45. Ke1 Ke7 46. Kd1 Nd3 47. Kc2 Nc5 48. f4 Kd7 49. Nf3 d3+ 50. Kb2 Kd6 51. Ne5 f6 52. Nc4+ Kc6 53. Nd2 Kb5 54. Nc4 Nxe4 55. Kc1 Nc5 56. Kb2 Nb7 57. Kc1 Nxa5 58. Nxa5 Kxa5 59. Kd2 Kb5 60. Kxd3 a5 61. Ke4 a4 62. bxa4+ Kxa4 63. Kf5 g5 64. fxg5 fxg5 65. Kg6 b3 66. Kxh6 b2 67. Kxg5 b1=Q 68. h4 Qh7 0-1

[Event "Chinese Championship-B Women 2024"]
[Site "Liaocheng"]
[Date "2024.04.25"]
[Round "9.1"]
[White "Zhao, Yunqing"]
[Black "Wang, Chuqiao"]
[Result "1/2-1/2"]
[ECO "E08"]
[WhiteElo "1965"]
[BlackElo "2302"]
[Annotator "TA"]
[PlyCount "113"]
[EventDate "2024.04.24"]
[EventType "swiss"]
[EventCountry "CHN"]
[SourceTitle "playchess.com"]
[Source "ChessBase"]
[SourceQuality "1"]
[TimeControl "5400+30"]

1. d4 Nf6 2. Nf3 d5 3. c4 e6 4. g3 Bb4+ 5. Bd2 Be7 6. Bg2 O-O 7. O-O c6 8. Qc2 b6 9. Bf4 Bb7 10. Rd1 Nbd7 11. Ne5 Nh5 12. Bc1 Rc8 (12... Nhf6 {simplifies} 13. Nxd7 Qxd7 14. b3 c5) 13. Nc3 Qc7 {[%emt 0:03:30] White is slightly better.} 14. Nxd7 Qxd7 15. Qa4 {[%emt 0:05:35] cxd5 would now be deadly.} Nf6 16. Bf4 dxc4 17. Qxc4 Nd5 18. Nxd5 cxd5 19. Qd3 Qa4 20. Qb3 Qxb3 21. axb3 a5 22. Bd2 Ba6 23. Bf1 Bb5 24. Rdc1 {[%emt 0:04:46] Repels Rc2} Rfd8 25. e3 Bxf1 26. Kxf1 Kf8 27. Ke2 Ke8 28. Kd3 Kd7 29. Rc3 Rc6 30. Rac1 Rdc8 31. f3 Bd6 32. Rf1 Rg8 33. e4 f6 34. exd5 exd5 35. g4 Rcc8 36. Rxc8 Rxc8 $11 {[%emt 0:00:18][%mdl 4096] Endgame. KRB-KRB} 37. h3 Re8 38. Re1 Rxe1 39. Bxe1 {[%emt 0:00:04] KB-KB} Kc6 40. Bd2 g6 41. Ke2 Kb5 42. Kd3 Kc6 43. Ke2 $1 Kd7 44. Kf2 Ke6 45. f4 Bf8 46. b4 Bxb4 ({Black should try} 46... axb4 $17 47. b3 Be7) 47. Bxb4 axb4 $17 {[%emt 0:00:01] KP-KP} 48. b3 h6 49. h4 Kf7 (49... f5 $5 50. g5 $8 h5 $11) 50. Kg3 f5 {[%emt 0:00:27] [#] ( -> ...fxg4)} 51. gxf5 Kf6 52. fxg6 {[%emt 0:00:24] The position is equal.} Kxg6 {[%emt 0:00:01] ...Kf5 is the strong threat.} 53. Kg4 {[%emt 0:00:21] Threatening mate with f5+.} h5+ 54. Kg3 $1 Kf6 55. Kf2 Ke6 (55... Kf5 $5 56. Kf3 $8 Kf6 $11) 56. Ke2 Kf5 57. Kf3 {[%emt 0:00:05] Weighted Error Value: White=0.06 (flawless) /Black=0.09 (flawless) .  Mistake:       	---       	Black=1      Inaccurate:     	White=3     	Black=3      OK:         	White=13    	Black=13     Best:        	White=1     	Black=2      Strong:       	White=2     	---} 1/2-1/2

[Event "Chinese Championship-B Women 2024"]
[Site "Liaocheng"]
[Date "2024.04.25"]
[Round "9.2"]
[White "Zhou, Shumeng"]
[Black "Jiang, Tianyu"]
[Result "0-1"]
[ECO "B44"]
[WhiteElo "1800"]
[BlackElo "1929"]
[Annotator "TA"]
[PlyCount "136"]
[EventDate "2024.04.24"]
[EventType "swiss"]
[EventCountry "CHN"]
[SourceTitle "playchess.com"]
[Source "ChessBase"]
[SourceQuality "1"]
[TimeControl "5400+30"]

1. e4 c5 2. Nf3 e6 3. c4 Nc6 4. d4 cxd4 5. Nxd4 Nf6 6. Nc3 Bb4 7. Nxc6 bxc6 8. Bd3 e5 9. O-O O-O 10. Qc2 {[%emt 0:04:34] Recently 10.h3 got a lot of attention.} Qe7 $146 {[%emt 0:14:20] B44: Sicilian: Taimanov: 5 Nb5.} ({Predecessor:} 10... Bc5 11. a3 d6 12. b4 Bd4 13. Rb1 Be6 14. Ne2 Bb6 15. h3 Nd7 16. Ng3 Qh4 17. Kh2 Bd4 18. Bb2 {½-½ Shankland,S (2720)-Dominguez Perez,L (2754) Saint Louis Blitz 2022 (1)}) 11. Na4 d5 12. Bg5 d4 13. a3 Bd6 14. c5 Bc7 15. b4 Be6 16. Rae1 h6 17. Bd2 Rfb8 18. Rb1 Qe8 19. Nb2 Nh5 20. Nc4 Nf4 21. Bxf4 exf4 22. f3 a5 23. Rb2 axb4 24. axb4 Bxc4 25. Qxc4 Ra3 26. Rfb1 Rc3 27. Qa6 Be5 28. Ra2 Qe6 29. Raa1 Kh7 30. Ra3 Qd7 31. Rab3 Qe6 32. Ra3 h5 33. Kf1 Qd7 34. Rab3 Qc7 35. Ke2 Rb7 36. Rxc3 dxc3 37. Qc4 Qd8 38. Rd1 Rd7 39. b5 Qh4 40. bxc6 Bd4 41. Rf1 Qxh2 42. e5+ g6 43. Kd1 Qxg2 44. Be2 (44. Bxg6+ Qxg6 (44... fxg6 45. Qe2 c2+ 46. Kd2 Be3+)) 44... c2+ $2 (44... Bxe5+ $2 45. cxd7 c2+ 46. Kxc2 $18) (44... Ra7 $1 $19 45. c7 c2+ (45... Bxe5 $2 46. c8=Q $18) 46. Qxc2 Rxc7) 45. Kxc2 (45. Kd2 $1 $11 Be3+ (45... Bxc5+ 46. cxd7 Bb6 47. Qxf7+ Kh6 48. Qxf4+ Qg5 49. Qxg5+ Kxg5 50. f4+ Kf5 51. Bd3+ Ke6 52. Bxg6 $18) 46. Kxc2) 45... Ra7 ({Black should try} 45... Rc7 $17 46. Rb1 Bxe5) 46. Rd1 $1 $11 Bxe5 47. Rd7 Ra3 $2 (47... Ra2+ $11 48. Qxa2 Qxe2+ 49. Rd2 Qxf3) 48. Qxf7+ $2 (48. c7 $18 Rc3+ 49. Qxc3 Bxc3 50. c8=Q (50. c8=R Qxe2+ 51. Kxc3 Qxf3+ 52. Kb4 Qe4+ 53. Ka5 Qe1+ 54. Ka6 Qe6+ 55. c6 f3 $19) 50... Qxe2+ 51. Kxc3 Qxf3+ 52. Rd3 (52. Kb4 Qe4+ 53. Ka5 Qe1+ 54. Kb6 Qb4+ 55. Ka7 Qa3+ 56. Kb8 Qb2+ 57. Qb7 Qh8+ 58. Ka7 Qa1+ 59. Qa6 Qc3 $18)) 48... Kh6 $11 49. Qf8+ Kg5 50. Qe7+ Bf6 51. Rd5+ Kh6 52. Qf8+ (52. Qxf6 Qxe2+ 53. Rd2 Ra2+ (53... Qxf3 54. Qf8+ Kg5 55. Qe7+ Kg4 56. Qe6+ Kh4 57. Rh2+ Kg5 58. Qe5+ Kh6 59. Qh8+ Kg5 60. Qe5+ Kh6 61. Qh8+ Kg5 62. Qe5+ $11) 54. Kb3 Rxd2 55. Qxf4+ Kg7 56. Qc7+ Kf6 57. Qf4+ Ke6 58. Qe4+ Qxe4 59. fxe4 h4 60. c7 Kd7 61. Kc3 Rg2 62. Kd3 h3 (62... Kxc7 63. e5 h3 64. e6 h2 65. e7 h1=Q 66. e8=Q Qd1+ 67. Ke4 Qe1+ 68. Kd4 Rd2+ 69. Kc3 Qc1+ 70. Kb4 Rb2+ 71. Ka5 Qxc5+ 72. Ka6 Qb6#) 63. e5 Kxc7 64. e6 h2 65. e7 h1=Q (65... h1=R 66. e8=Q $11) (65... Kd7 66. e8=R Kxe8 67. c6 h1=Q 68. c7 Qd1+ 69. Ke3 Re2+ 70. Kf4 Qd4+ 71. Kg3 Qe3+ 72. Kh4 Qf4+ 73. Kh3 Rh2#) (65... Rg3+ 66. Kd4 h1=Q 67. e8=Q Qd1+ 68. Ke5 Re3+ 69. Kf4 Qf3+ 70. Kg5 Rxe8 71. Kxg6 Rg8+ 72. Kh7 Qf7+ 73. Kh6 Qg6#) 66. e8=Q Qf1+ 67. Ke4 Re2+ 68. Kd3 Rxe8+ 69. Kd4 Qf4+ (69... g5 70. c6 Qf4+ 71. Kd3 Re3+ 72. Kd2 Qf2+ 73. Kd1 Re1#) 70. Kc3 Re3+ 71. Kc2 Qf2+ 72. Kd1 Re1#) 52... Bg7 53. Qxf4+ Kh7 54. Qe4 Rc3+ $2 (54... Ra2+ $11 {and Black stays safe.} 55. Kb3 (55. Kd3 Ra3+ 56. Kc2 Qh1 $11) 55... Rb2+ (55... Rxe2 56. Rxh5+ Bh6 57. Rxh6+ Kxh6 58. Qh4+ Kg7 59. Qd4+ Kh7 60. Qh4+ Kg7 61. Qd4+ Kf8 62. Qd6+ Kg7 63. Qd4+ $11) (55... Qxe2 $2 56. Qxe2 Rxe2 57. c7 $18) 56. Kc4 Rxe2 57. Rxh5+ Bh6 58. Rxh6+ Kxh6 59. Qh4+ Kg7 60. Qd4+ Kh7 (60... Kf7 61. c7 $11)) 55. Kd2 $18 Qh1 56. Bd1 Qh2+ 57. Be2 Qh1 58. Bd1 $2 (58. Bd3 $1 $18 Qh2+ 59. Qe2 Qf4+ 60. Qe3 Qh2+ 61. Kd1 Qh1+ 62. Ke2 Qh2+ 63. Qf2) 58... Ra3 59. Kc1 $2 {[%emt 0:01:03][%mdl 8192] [#]} (59. Rg5 $11 Ra2+ 60. Bc2 Qh2+ 61. Ke3 Bd4+ (61... Rxc2 62. Qxg6+ Kh8 63. Qxg7#) (61... Qxc2 $2 62. Qxc2 Rxc2 63. c7 $18) 62. Kxd4 Qd2+ 63. Qd3 Qxg5 64. c7 Qf6+ 65. Kc4 (65. Kd5 Ra8 $11) 65... Qe6+ 66. Kb4 Rb2+ 67. Bb3) 59... Ra1+ $2 (59... Qg2 $2 60. Rxh5+ Bh6+ 61. Rxh6+ Kxh6 62. Qh4+ Kg7 63. Qd4+ Kh7 64. c7 Qg5+ 65. Kb2 $18) ({Better is} 59... Qh2 $1 $19 60. Be2 Ra2) 60. Kc2 $11 Qh2+ 61. Be2 Ra2+ 62. Kd3 Qh1 63. Ke3 $2 (63. c7 $11 Qb1+ (63... Ra3+ 64. Kc4 $16) 64. Ke3 Qg1+ 65. Kd3 Qb1+ 66. Ke3 Qg1+ 67. Kd3 Qb1+) 63... Ra3+ $2 (63... Qg1+ 64. Kd3 Ra3+ 65. Kc4 Qc1+ (65... Ra4+ $2 66. Kb5 $19) 66. Kb5 Rb3+ (66... Qb2+ $2 67. Qb4 $19) 67. Qb4 Rxb4+ 68. Kxb4 Qb2+ (68... Qb1+ $2 69. Ka5 $19) 69. Ka5 Bc3+ (69... Qxe2 $2 70. c7 $19) 70. Ka6 Qa2+ (70... Qxe2+ $2 71. Kb7 $19) 71. Kb6 Ba5+ (71... Qxd5 {is a self mate.} 72. c7) 72. Ka6 Bd8+ (72... Qxe2+ $2 73. Ka7 $19) 73. Kb5 Qb3+ (73... Qxd5 $2 74. Bc4 $19) 74. Ka6 Qxd5 75. c7 Bxc7 76. Kb5 h4 77. Kb4 Qd2+ 78. Kc4 Qxe2+ 79. Kd4 h3 (79... Qxf3 80. Kc4 h3 81. Kb5 h2 82. Kc4 h1=Q 83. c6 Qxc6+ 84. Kb4 Qb1+ 85. Ka3 Bd6#) 80. Kd5 h2 (80... Qxf3+ 81. Kc4 h2 82. Kb4 h1=Q 83. c6 Qh4+ 84. Kb5 Qe2+ 85. Kc5 Qeh5#) 81. Kc6 Qe5 (81... h1=B {gets mated.} 82. Kxc7 Qe6 83. c6 Bxf3 84. Kb6 Qxc6+ 85. Ka5 Qc5+ 86. Ka6 Qb4 87. Ka7 Qb7#) 82. Kd7 h1=Q 83. Kc8 Qxf3 (83... Qxc5 $2 84. f4 Bb6+ 85. Kd7 Qhc6#) 84. c6 Qb3 85. Kd7 Qh3#) 64. Rd3 $2 {[%emt 0:00:27] [#]} (64. Kf2 $19 Qh2+ 65. Kf1 Ra1+ 66. Rd1 Qh1+ 67. Kf2 Rxd1 68. Bxd1) 64... Qg1+ $1 65. Kf4 Ra8 ({Worse is} 65... Qxc5 66. Rxa3 Qxa3 67. Kg3 $11) 66. Qe7 Ra4+ 67. Qe4 Rxe4+ 68. Kxe4 Qxc5 0-1

[Event "Chinese Championship-B Women 2024"]
[Site "Liaocheng"]
[Date "2024.04.25"]
[Round "9.3"]
[White "Shao, Qiyu"]
[Black "Yang, Yijing"]
[Result "0-1"]
[ECO "D04"]
[WhiteElo "1764"]
[BlackElo "2040"]
[Annotator "NA RC"]
[PlyCount "116"]
[EventDate "2024.04.24"]
[EventType "swiss"]
[EventCountry "CHN"]
[SourceTitle "playchess.com"]
[Source "ChessBase"]
[SourceQuality "1"]
[TimeControl "5400+30"]

1. d4 Nf6 2. Nf3 c5 3. e3 d5 4. b3 cxd4 5. exd4 Nc6 6. Bb2 {[%emt 0:06:34] D04: Colle System.} Bf5 7. Nh4 Be4 8. Nd2 e6 9. f3 (9. c3 $11 {might be stronger.}) 9... Bg6 10. Bb5 Bd6 11. Qe2 Rc8 ({Black should try} 11... Bxc2 $17 12. Rc1 Bg6 13. Rxc6 bxc6 14. Bxc6+ Nd7 15. Nxg6 hxg6 16. Bxa8 Qxa8) 12. Nxg6 hxg6 13. O-O-O Qa5 (13... Bxh2 $2 {is the wrong capture.} 14. Bxc6+ Rxc6 15. g3 $18) 14. a4 (14. Kb1 $17) 14... Ke7 (14... Bxh2 $2 {perishes.} 15. g3 $18) ({But not} 14... Rxh2 15. Rxh2 Bxh2 16. Rh1 $17) (14... O-O $19 {is more deadly.} 15. Kb1 a6 16. Bxc6 Rxc6) 15. Bxc6 (15. Kb1 $142) 15... Rxc6 16. Nf1 (16. Kb1 $17 {keeps fighting.}) 16... Rhc8 17. Ne3 {[%emt 0:00:00] [#]} Bf4 (17... a6 $1 $19 18. Kb1 b5 19. axb5 axb5) 18. Rd3 (18. Kb1 $17) 18... Rxc2+ 19. Qxc2 Rxc2+ 20. Kxc2 Bxh2 21. Ba3+ Kd7 22. Rc3 Bg3 23. Kb2 Bf2 24. Nc2 Qd8 25. g4 Ne8 26. Rh2 Bg3 27. Rh3 Bc7 28. Rh8 Bb6 29. b4 Qf6 30. b5 Bxd4 31. Nxd4 Qxd4 32. Rf8 Qf6 (32... Qxa4 $2 {loses.} 33. Rxf7+ Kd8 34. Rxb7 $18) 33. Kc2 Qf4 34. Kb3 d4 35. Bc1 Qf6 36. Rd3 e5 37. Ba3 Qe6+ 38. Kb2 Qc4 39. Rb3 Nd6 ({Worse is} 39... Qxa4 40. Rxf7+ Kd8 (40... Kc8 $2 41. Rb4 $18) 41. Rxb7 $11) 40. b6 (40. Bxd6 $142 Kxd6 41. Rb8) 40... Qe2+ (40... Qxa4 41. Bxd6 Kxd6 42. Rxf7 $17) 41. Ka1 Qe1+ 42. Ka2 Qe2+ $11 ({Better is} 42... a5 $19 43. Bxd6 Qe2+ (43... Kxd6 $2 44. Rb8 $19) 44. Ka3 Kxd6 45. Rd8+ Ke6) 43. Ka1 Qd1+ 44. Ka2 Qc2+ 45. Rb2 Qc4+ 46. Rb3 a6 47. Bxd6 Kxd6 48. Ka3 Qc1+ 49. Ka2 Ke6 50. Re8+ Kf6 51. Rd8 Qc6 52. Ka3 Ke7 53. Rh8 Qc1+ 54. Rb2 d3 55. Rhh2 f5 56. Rhd2 e4 57. g5 Qc3+ 58. Ka2 e3 0-1

[Event "Chinese Championship-B Women 2024"]
[Site "Liaocheng"]
[Date "2024.04.25"]
[Round "9.4"]
[White "Hu, Yu A."]
[Black "Men, Jiayi"]
[Result "1/2-1/2"]
[ECO "A84"]
[WhiteElo "2148"]
[BlackElo "1845"]
[Annotator "TA"]
[PlyCount "48"]
[EventDate "2024.04.24"]
[EventType "swiss"]
[EventCountry "CHN"]
[SourceTitle "playchess.com"]
[Source "ChessBase"]
[SourceQuality "1"]
[TimeControl "5400+30"]

1. Nf3 d5 2. c4 e6 3. d4 c6 4. Nc3 f5 5. Bg5 Be7 6. h4 Nf6 7. Qc2 O-O 8. Bxf6 {[%emt 0:07:01] White is slightly better.} Bxf6 9. e3 g6 (9... Qe7 $11 {remains equal.}) 10. Bd3 Na6 11. a3 {[%emt 0:01:03] Against Nb4} Nc7 12. O-O-O dxc4 13. Bxc4 {[%emt 0:00:12] Hoping for h5.} b5 {[%emt 0:00:26] [#]} 14. Ba2 {[%emt 0:06:43] White is more active.} ({Better is} 14. Bb3 $1 $16) 14... b4 15. axb4 {[%emt 0:04:40] aiming for h5.} Nd5 16. Bc4 Qb6 (16... a5 $11) 17. e4 ({White should play} 17. Na4 $16 Qxb4 18. Nc5) 17... fxe4 (17... Qxb4 $6 18. Na2 (18. Nxd5 cxd5 19. exd5 Bb7 $11) 18... Qb6 19. exd5 $16) 18. Qxe4 {[%emt 0:00:24] [#]} (18. Nxe4 $14 {was the only good move.} Nxb4 19. Qb3) 18... Qxb4 $17 19. Qd3 (19. Qe2 $17) 19... Nf4 $36 {[%emt 0:01:33][%mdl 2048] Black has strong initiative.} (19... Rb8 20. Rd2 $17) 20. Qe4 Nd5 (20... Nxg2 21. Bf1 $14 (21. Bxe6+ Bxe6 22. Qxe6+ Kh8 $17)) (20... Qxc4 $19 21. Qxf4 e5 22. Nxe5 Qa6) 21. Qd3 $17 Nf4 22. Qe4 Nd5 (22... Nxg2 23. Bf1 $11 (23. Bxe6+ Bxe6 24. Qxe6+ Kh8 $11)) 23. Qd3 Nf4 24. Qe4 Nd5 $2 {Weighted Error Value: White=0.29 (precise) /Black=0.53.  Missed win:     	---       	Black=1      Mistake:       	White=4     	Black=3      Inaccurate:     	White=2     	Black=1      OK:         	White=7     	Black=6      Best:        	White=2     	Black=1} ({And not} 24... Nxg2 25. Bf1 $14 (25. Bxe6+ Bxe6 26. Qxe6+ Kh8 $11)) (24... Qxc4 $19 25. Qxf4 e5) 1/2-1/2

[Event "Chinese Championship-B Women 2024"]
[Site "Liaocheng"]
[Date "2024.04.25"]
[Round "9.5"]
[White "Ren, Xiaoyi"]
[Black "Wu, Shuang(Hlj)"]
[Result "1-0"]
[ECO "D12"]
[WhiteElo "2075"]
[BlackElo "1701"]
[Annotator "NA RC"]
[PlyCount "107"]
[EventDate "2024.04.24"]
[EventType "swiss"]
[EventCountry "CHN"]
[SourceTitle "playchess.com"]
[Source "ChessBase"]
[SourceQuality "1"]
[TimeControl "5400+30"]

1. d4 Nf6 2. c4 c6 3. Nf3 d5 4. e3 Bf5 5. Nc3 e6 6. Nh4 Bg6 7. Nxg6 hxg6 8. Bd2 {[%emt 0:00:35] D12: Slav Defence: 3 Nf3 Nf6 4 e3 Bf5.} Nbd7 9. f4 {[%emt 0:00:58] 9.Qc2 is setting a new trend.} Bb4 $146 ({Predecessor:} 9... Qb6 10. Qb3 Qxb3 11. axb3 Bd6 12. Bd3 a6 13. Ke2 Ke7 14. c5 Bc7 {0-1 Litchfield,F (2197)-Yanchenko,R (2466) Titled Tuesday intern op 16th May Late blitz 2023 (1)}) 10. Bd3 dxc4 11. Bxc4 Bxc3 12. Bxc3 Ne4 13. Qg4 Qh4+ ({Black should play} 13... Ndf6 $17 14. Qf3 O-O) 14. Qxh4 Rxh4 15. Ke2 Nxc3+ 16. bxc3 Ke7 17. h3 Rc8 18. Rab1 Nb6 19. Bd3 Rc7 20. Rb3 Nc8 (20... Rh5 $11) 21. e4 (21. c4 $14) 21... b6 ({Of course not} 21... Rxf4 $6 22. g3 Rf6 23. e5 $16) 22. Ke3 c5 23. Be2 Rh8 24. a4 Nd6 25. a5 cxd4+ 26. cxd4 bxa5 27. Ra1 Rhc8 28. Bd3 (28. Rxa5 Rc3+ 29. Rxc3 Rxc3+ 30. Kd2 Nxe4+ 31. Kd1 Rc7 $11) 28... Nc4+ 29. Ke2 Kd8 30. Ra4 Kd7 31. h4 Kd8 32. g4 Kd7 33. Rc3 Nd6 34. Rxc7+ Kxc7 35. Rxa5 Kb8 36. Ra6 Ne8 37. f5 gxf5 38. exf5 Nc7 39. Rd6 a5 40. h5 Ka7 41. Rd7 Kb6 42. Rxf7 a4 43. Kd2 Nb5 44. Bxb5 a3 45. fxe6 Kxb5 46. Ra7 Kb4 47. e7 Kb3 48. d5 a2 49. d6 Rc2+ 50. Ke3 Rc1 51. Kf2 Rc2+ 52. Kg3 Re2 53. Rxa2 Kxa2 54. d7 1-0

[Event "Chinese Championship-B Women 2024"]
[Site "Liaocheng"]
[Date "2024.04.25"]
[Round "9.6"]
[White "Du, Yuxin"]
[Black "Pi, Aiying"]
[Result "1-0"]
[ECO "B40"]
[WhiteElo "1960"]
[BlackElo "1617"]
[Annotator "NA RC"]
[PlyCount "55"]
[EventDate "2024.04.24"]
[EventType "swiss"]
[EventCountry "CHN"]
[SourceTitle "playchess.com"]
[Source "ChessBase"]
[SourceQuality "1"]
[TimeControl "5400+30"]

1. e4 c5 2. Nf3 e6 3. g3 d5 4. exd5 exd5 5. d4 Nf6 6. Bg2 {[%emt 0:04:37] B40: Sicilian: 2...e6, Unusual lines.} Be7 7. O-O O-O 8. Be3 cxd4 9. Nxd4 Bg4 10. Qd3 Qd7 11. Nc3 Nc6 12. Bf4 Rfd8 13. Rfe1 Rac8 14. Nce2 Nb4 15. Qb3 Bc5 16. a3 Nc6 17. Nxc6 bxc6 18. Qc3 Bb6 19. Bg5 Qf5 20. Bf4 Ne4 21. Bxe4 dxe4 22. Be3 Bf3 23. Bxb6 axb6 24. Qe3 Rd6 $2 (24... g5 $19 25. Rad1 h6 26. Qxe4 Qxe4 (26... Bxe4 $2 27. Nd4 $19)) 25. Rad1 $1 ({Don't go for} 25. Nd4 $2 Rxd4 $19) 25... Rf6 (25... Rxd1 $11 26. Rxd1 Qf6) 26. Nd4 $1 (26. Qxb6 $2 {too greedy.} g5 27. Qe3 h6 $19) 26... Qh3 $2 (26... Qc5 $16 {is a better chance.}) 27. Nxf3 Rxf3 $18 28. Qxe4 1-0

[Event "Chinese Championship-B Women 2024"]
[Site "Liaocheng"]
[Date "2024.04.25"]
[Round "9.7"]
[White "Wang, Xiaoyan"]
[Black "Guo, Hanxi"]
[Result "1/2-1/2"]
[ECO "E47"]
[WhiteElo "1932"]
[BlackElo "1699"]
[Annotator "NA RC"]
[PlyCount "82"]
[EventDate "2024.04.24"]
[EventType "swiss"]
[EventCountry "CHN"]
[SourceTitle "playchess.com"]
[Source "ChessBase"]
[SourceQuality "1"]
[TimeControl "5400+30"]

1. d4 Nf6 2. c4 e6 3. Nc3 Bb4 4. e3 c5 5. Bd3 b6 6. Nge2 Bb7 7. O-O O-O 8. a3 Bxc3 9. Nxc3 d6 10. f4 {[%emt 0:03:42] E47: Nimzo-Indian: Rubinstein: 5 Bd3 without ...d5.} Nbd7 11. Bd2 d5 12. f5 e5 13. Nxd5 $1 exd4 14. exd4 Nxd5 15. cxd5 Nf6 16. Bc4 Bxd5 (16... Nxd5 17. dxc5 bxc5 18. Rc1) 17. Bxd5 Qxd5 18. Bg5 Ne4 19. Be3 cxd4 20. Qxd4 Qxd4 21. Bxd4 Nd2 22. Rfe1 Nb3 23. Rad1 Nxd4 24. Rxd4 Rac8 25. Rd7 Rc5 26. f6 a5 27. fxg7 Kxg7 28. Rb7 Rb5 29. Re2 Rc8 30. h3 Rc6 31. Rd7 Rf6 32. Rd3 Rc6 33. Kh2 Rg6 34. Rf2 Re6 35. Rg3+ Kf8 36. Rgf3 Re7 37. g4 Kg7 38. Kg3 Rbe5 39. h4 Re3 40. Rxe3 Rxe3+ 41. Rf3 Re5 $14 1/2-1/2

[Event "Chinese Championship-B Women 2024"]
[Site "Liaocheng"]
[Date "2024.04.25"]
[Round "9.8"]
[White "Shi, Yige"]
[Black "Chu, Ruotong"]
[Result "0-1"]
[ECO "D72"]
[WhiteElo "1794"]
[BlackElo "2124"]
[Annotator "TA"]
[PlyCount "108"]
[EventDate "2024.04.24"]
[EventType "swiss"]
[EventCountry "CHN"]
[SourceTitle "playchess.com"]
[Source "ChessBase"]
[SourceQuality "1"]
[TimeControl "5400+30"]

1. d4 Nf6 2. c4 g6 3. g3 Bg7 4. Bg2 d5 5. cxd5 Nxd5 6. e4 Nb6 7. Ne2 c5 8. d5 O-O 9. O-O f5 (9... Na6 $11 {remains equal.}) 10. Nbc3 Na6 {[%emt 0:00:00] White is better.} 11. Nf4 Qd6 (11... Nc7 $16 {was called for.}) 12. Qe2 Nc7 13. Re1 {[%emt 0:05:56] e5 is the strong threat.} e5 14. dxe6 Nxe6 15. Nb5 {[%emt 0:01:54] Inhibits Nd4.} Qe5 16. Nxe6 (16. Nd3 $18 Qb8 17. Nf4 (17. exf5 Rxf5 18. Bh3 Rf6 $16)) 16... Bxe6 $16 17. Bf4 Qxb2 18. Qxb2 Bxb2 19. Rab1 Na4 20. Nc7 Bxa2 21. Rxb2 (21. Nxa8 $14 {was preferrable.} Bxb1 22. Rxb1 Rxa8 23. exf5) 21... Nxb2 $11 22. Nxa8 Rxa8 23. Re2 Rd8 $1 24. h4 Rd1+ 25. Kh2 Rb1 {[%emt 0:00:00] ...Bc4 would now be deadly.} 26. exf5 gxf5 27. Re7 Nd3 28. Bh6 (28. Be3 $1 $11) 28... Nxf2 $17 29. Bf3 Ng4+ 30. Bxg4 fxg4 {[%emt 0:00:00][%mdl 4096] Endgame. KRB-KRB} 31. Rg7+ Kf8 {[%emt 0:00:00] And now ...Rb6 would win.} 32. Rxb7+ Ke8 33. Rxb1 Bxb1 {[%emt 0:00:00] KB-KB} 34. Be3 Kd7 {[%emt 0:00:00] Hoping for ...Kc6.} 35. Bxc5 a5 36. Kg2 Kc6 37. Bf8 Kd5 38. Kf2 Kd4 39. Be7 Kd3 40. Bf8 a4 41. Be7 Bc2 42. Bf8 Bb3 43. Be7 Kd2 44. Bf8 Bf7 45. Be7 Kc3 46. Ke3 Kb2 {[%emt 0:00:00] White must now prevent ...a3.} 47. Kf4 $2 {[%emt 0:00:21][%mdl 8192] [#] Loses the game.} (47. Bf6+ $17 Kb3 48. Kd2) 47... h5 $1 {[%emt 0:00:00] Black mates.} 48. Kg5 a3 49. Kh6 a2 50. Kg7 Be8 ({Weaker is} 50... a1=B 51. Bf6+ (51. Kxf7 Kc2 $11) 51... Kc2 52. Bxa1 $11) 51. Kf8 Bc6 ({Not} 51... a1=B 52. Bf6+ Kc2 53. Bxa1 $14) 52. Bf6+ Kb1 53. Ke7 a1=Q 54. Bxa1 Kxa1 {[%emt 0:00:00] Weighted Error Value: White=0.25 (precise) /Black=0.06 (flawless) .  Loses game:     	White=1     	---        Mistake:       	White=3     	Black=2      Inaccurate:     	White=2     	---        OK:         	White=9     	Black=19     Best:        	White=5     	Black=4      Strong:       	---       	Black=2} 0-1